cohdb
Replays
Latest Replays
All Replays
Popular Replays
Top Player Replays
Match Explorer
How It Works
Community
CoH3 Stats
Reddit
Sign in to upload your games and track your stats! →
Sign in with Steam
Match 36485272
Unlisted
Match 36485272
Overview
Messages
Build Orders
End
Panzergrenadier Squad
Selects Armored Support Battlegroup
Panzergrenadier Squad
Panzergrenadier Squad
Panzergrenadier Squad
Selects Superior Fire Drills
Construct Light Support Kompanie
2.5-tonne Medical Truck
Fire Support Elements
Assault Mechanized Group
Veteran Squad Leaders
Panzerjäger Squad
Selects Salvage Kits
CptSteenkist
xuxiaoqi9
幻想r
XenosHeresy
Fank
Yaas
0
0
Comments
sign in to comment!
No comments posted yet!